 Dungeon Crawl Stone Soup version 0.32-a0-938-g40ac7a0f4d (webtiles) character file.

Game seed: 10479033456688023854

651 Cancer the Digger (level 7, -4/36 HPs)
             Began as a Gargoyle Earth Elementalist on Apr 15, 2024.
             Slain by an orc priest
             ... wielding a +0 war axe
              (5 damage)
             ... on level 4 of the Dungeon.
             The game lasted 00:08:36 (4065 turns).

Cancer the Digger (Gargoyle Earth Elementalist)     Turns: 4065, Time: 00:08:38

Health: -4/36      AC:  8    Str: 12    XL:     7   Next: 53%
Magic:  12/22      EV: 11    Int: 17    God:
Gold:   182        SH:  0    Dex: 10    Spells: 14/15 levels left

rFire   . . .        (no weapon)
rCold   . . .        (no shield)
rNeg    + . .        a - +0 robe
rPois   ∞            (no helmet)
rElec   +            i - +0 cloak
rCorr   .            c - +0 pair of gloves
SInv    .            (no boots)
Will    .....        (no amulet)
Stlth   ++           e - ring of magical power
HPRegen 0.26/turn    (no ring)
MPRegen 0.18/turn

%: no passive effects
@: no status effects
A: sickness immunity, AC +4, negative energy resistance 1, electricity
resistance, torment resistance 1, petrification resistance
a: Convert to Beogh


You were on level 4 of the Dungeon.
You visited 1 branch of the dungeon, and saw 4 of its levels.
You also visited: Sewer.

You collected 182 gold pieces.

Inventory:

Armour
 a - a +0 robe (worn)
 c - a +0 pair of gloves (worn)
 i - a +0 cloak (worn)
Jewellery
 e - a ring of magical power (left hand)
 g - an amulet of faith
Scrolls
 f - a scroll of vulnerability {unknown}
 h - 2 scrolls of teleportation {unknown}
 m - a scroll of fog {unknown}
 o - a scroll of blinking {unknown}
 p - a scroll of fear {unknown}
 q - a scroll of silence {unknown}
 r - a scroll of identify {unknown}
 s - a scroll of noise {unknown}
 u - 2 scrolls of brand weapon {unknown}
Potions
 b - 3 potions of magic
 d - 4 potions of curing {unknown}
 j - 4 potions of haste {unknown}
 k - 2 potions of degeneration {unknown}
 l - a potion of ambrosia {unknown}
 n - 2 potions of heal wounds {unknown}
 t - a potion of cancellation {unknown}


   Skills:
 - Level 1.5 Dodging
 - Level 2.1 Stealth
 + Level 4.6 Spellcasting
 + Level 5.0 Conjurations
 + Level 6.5 Earth Magic


You had 14 spell levels left.
You knew the following spells:

 Your Spells              Type           Power      Damage    Failure   Level
a - Sandblast             Erth           52%        2d12      1%          1

Your spell library contained the following spells:

 Spells                   Type           Power      Damage    Failure   Level
 Passwall                 Erth           26%        N/A       3%          3
 Stone Arrow              Conj/Erth      46%        3d9       4%          3
 Shock                    Conj/Air       48%        1d6       5%          1
 Brom's Barrelling Bould  Conj/Erth      23%        2d4       14%         4
 Petrify                  Alch/Erth      15%        N/A       36%         4
 Swiftness                Air            3%         N/A       41%         3
 Airstrike                Air            1%         2d(1-17)  83%         4


Dungeon Overview and Level Annotations

Branches:
Dungeon (4/15)              Sewer (visited)
 Temple: D:4-7

Altars:
Zin


Innate Abilities, Weirdness & Mutations

You are immune to sickness and miasma.
Your stone body is resilient. (AC +4)
You are immune to poison.
You resist negative energy. (rN+)
You are resistant to electric shocks. (rElec)
You are resistant to unholy torment.
You are immune to petrification.


Message History

The orc priest calls down the wrath of Beogh upon you.
Beogh smites you!
Casting: Sandblast (safe; 1% risk of failure)
Confirm with . or Enter, or press ? or * to list all spells.
Aiming: Sandblast (safe; 1% risk of failure)
Press: ? - help, Shift-Dir - straight line, f/p - orc priest
Aim: an orc priest, wielding a +0 war axe and wearing a +0 ring mail (85% to hit)
The blast of sand hits the orc priest!
The orc priest is heavily wounded.
The orc priest shouts, "Surrender to Beogh and we'll let you live!"
The orc priest hits you with a +0 war axe.
Casting: Sandblast (safe; 1% risk of failure)
Confirm with . or Enter, or press ? or * to list all spells.
Aiming: Sandblast (safe; 1% risk of failure)
Press: ? - help, Shift-Dir - straight line, f/p - orc priest
Aim: an orc priest, wielding a +0 war axe and wearing a +0 ring mail (heavily wounded, 85% to hit)
The blast of sand misses the orc priest.
The orc priest barely misses you.
The orc priest hits you with a +0 war axe!
Casting: Sandblast (safe; 1% risk of failure)
Confirm with . or Enter, or press ? or * to list all spells.
Aiming: Sandblast (safe; 1% risk of failure)
Press: ? - help, Shift-Dir - straight line, f/p - orc priest
Aim: an orc priest, wielding a +0 war axe and wearing a +0 ring mail (heavily wounded, 85% to hit)
The blast of sand hits the orc priest!
The orc priest is almost dead.
The orc priest closely misses you.
Casting: Sandblast (safe; 1% risk of failure)
Confirm with . or Enter, or press ? or * to list all spells.
Aiming: Sandblast (safe; 1% risk of failure)
Press: ? - help, Shift-Dir - straight line, f/p - orc priest
Aim: an orc priest, wielding a +0 war axe and wearing a +0 ring mail (almost dead, 85% to hit)
The blast of sand hits the orc priest but does no damage.
The orc priest is almost dead.
The orc priest shouts, "Beogh offers mercy even to people such as you.
Join us and be reborn!"
The orc priest invokes the aid of Beogh against you.
Beogh smites you!
* * * LOW HITPOINT WARNING * * *
The orc priest hits you with a +0 war axe.
You die...

... #### #####.#
...#####..)..# .
#...........# ..
#..........# .<.
#..........# ....
#...)......# .....
#...)......##.....^
###)#####..@o......
## #.# #####..$...
## #.##.### .....
.####......## ...!
...####..#..### ...
.#............. #.
......#.###.####
.........# ..#
........... ...


You could see an orc priest.

Vanquished Creatures
  2 bullfrogs (Sewer)
  A bombardier beetle (D:3)
  A hound (D:4)
  An orc priest (D:4)
  A gnoll bouda (D:2)
  An iguana (D:4)
  An orc wizard (D:4)
  3 gnolls (D:3)
  11 adders
  10 river rats
  A dart slug (D:4)
  4 ribbon worms
  14 orcs
  7 endoplasms
  A giant cockroach (D:1)
  7 goblins
  7 hobgoblins
  6 jackals
  5 quokkas
  11 ball pythons
  9 bats
  6 frilled lizards
  5 kobolds
  21 rats
136 creatures vanquished.

Notes
Turn   | Place    | Note
-------+----------+-------------------------------------------
     0 | D:1      | Cancer the Gargoyle Earth Elementalist began the quest for
                  | the Orb.
     0 | D:1      | Reached XP level 1. HP: 10/10 MP: 3/3
   473 | D:1      | Reached XP level 2. HP: 15/15 MP: 1/5
   752 | D:1      | Reached skill level 4 in Earth Magic
  1329 | D:2      | Reached XP level 3. HP: 18/19 MP: 6/6
  1409 | D:2      | Found a faded altar of an unknown god.
  2175 | D:3      | Reached XP level 4. HP: 14/24 MP: 8/8
  2587 | D:3      | Reached XP level 5. HP: 21/28 MP: 9/9
  2746 | D:3      | Reached skill level 5 in Earth Magic
  2776 | D:3      | Found a glowing silver altar of Zin.
  3085 | D:4      | Reached XP level 6. HP: 10/32 MP: 11/11
  3217 | D:4      | Found a glowing drain.
  3244 | Sewer    | Entered a sewer
  3651 | Sewer    | Reached skill level 6 in Earth Magic
  3690 | Sewer    | Reached XP level 7. HP: 25/36 MP: 13/13
  3970 | D:4      | Reached skill level 5 in Conjurations
  4065 | D:4      | HP: 1/36 [orc priest/divine providence (12)]
  4065 | D:4      | Slain by an orc priest

Illustrated notes

Levels and vault maps discovered:
D:1:      elethiomel_arrival_maze, layout_basic, minmay_split_cup_small
D:2:      layout_basic, ebering_ecumenical_altar_ruins,
          chequers_serial_rivers_micro_c
D:3:      layout_rooms, lemuel_coloured_pillars_altar
D:4:      layout_rooms, mainiacjoe_overflow_surrounded_room, temple_green,
          lightli_sewer_entry_pipes, gammafunk_ghost_split

Skill      XL: |  1  2  3  4  5  6  7 |
---------------+----------------------+-----
Earth Magic    | 4 5 6 |  6.5
Conjurations   | 2 3 4 5 |  5.0
Spellcasting   | 3 4 |  4.6
Dodging        | |  1.5
Stealth        | |  2.1

Action                     |  1- 3 |  4- 6 |  7- 9 || total
---------------------------+-------+-------+-------++-------
  Melee: Unarmed           |    12 |     1 |       ||    13
   Cast: Sandblast         |    58 |   133 |    38 ||   229
 Armour: Robe              |    38 |   110 |    66 ||   214
  Dodge: Dodged            |    42 |    78 |    19 ||   139

Table legend: (Time is in decaauts)
 A = Elapsed time spent in this place.
 B = Non-inter-level travel time spent in this place.
 C = Inter-level travel time spent in this place.
 D = Time resting spent in this place.
 E = Time spent auto-exploring this place.
 F = Levels seen in this place.
 G = Mean time per level.
                   A        B        C        D        E       F      G
               +--------+--------+--------+--------+--------+-----+--------+
         Total |   4253 |   3862 |    391 |     90 |   2805 |   5 |  850.6 |
       Dungeon |   3607 |   3216 |    391 |      2 |   2512 |   4 |  901.8 |
         Sewer |    646 |    646 |      0 |     88 |    293 |   1 |  646.0 |
               +--------+--------+--------+--------+--------+-----+--------+

Top non-repeatable levels by time:
     D:1: 1295 daAuts
     D:2: 949 daAuts
     D:3: 810 daAuts
   Sewer: 646 daAuts
     D:4: 551 daAuts
